 Dungeon Crawl Stone Soup version 0.25-a0-942-g87a53962fc (webtiles) character file.

Game seed: 13457008579315864451, levelgen mode: deterministic

820 Flugslaktarn the Chopper (level 7, -4/62 HPs)
             Began as a Minotaur Fighter on May 6, 2020.
             Was an Initiate of Makhleb.
             Slain by Pikel
             ... wielding a +0 whip of electrocution
              (20 damage)
             ... on level 5 of the Dungeon.
             The game lasted 00:02:25 (4161 turns).

Flugslaktarn the Chopper (Minotaur Fighter)         Turns: 4161, Time: 00:02:26

Health: -4/62      AC: 12    Str: 22    XL:     7   Next: 63%
Magic:  6/6        EV:  4    Int:  5    God:    Makhleb [......]
Gold:   267        SH: 10    Dex: 10    Spells: 6/6 levels left

rFire    . . .     SeeInvis .   a - +0 war axe
rCold    . . .     Gourm    .   c - +0 kite shield
rNeg     . . .     Faith    .   r - +0 plate armour
rPois    .         Spirit   .   (helmet restricted)
rElec    .         Reflect  .   (no cloak)
rCorr    .         Harm     .   (no gloves)
MR       .....                  (no boots)
Stlth    ..........             (no amulet)
HPRegen  0.20/turn              (no ring)
MPRegen  0.10/turn              (no ring)

@: mighty
A: retaliatory headbutt, horns 2
a: Renounce Religion


You were on level 5 of the Dungeon.
You worshipped Makhleb.
Makhleb was noncommittal.
You were not hungry.

You visited 1 branch of the dungeon, and saw 5 of its levels.

You collected 267 gold pieces.

Inventory:

Hand Weapons
 a - a +0 war axe (weapon)
 u - a +0 vampiric hand axe
   (You took it off an orc on level 4 of the Dungeon)
Missiles
 w - a throwing net (quivered)
Armour
 b - a +0 scale mail
 c - a +0 kite shield (worn)
 r - a +0 plate armour (worn)
   (You found it on level 3 of the Dungeon)
Wands
 f - a wand of iceblast (10)
   (You found it on level 5 of the Dungeon)
 t - a wand of paralysis (9)
   (You found it on level 4 of the Dungeon)
Scrolls
 h - 12 scrolls of identify {unknown}
 j - a scroll of fog {unknown}
 k - 5 scrolls of remove curse {unknown}
 m - a scroll of noise {unknown}
 n - 2 scrolls of random uselessness {unknown}
 p - 3 scrolls of fear {unknown}
 s - a scroll of enchant weapon {unknown}
 v - a scroll of blinking {unknown}
 y - a scroll of immolation {unknown}
 A - a scroll of silence {unknown}
 B - a scroll of teleportation {unknown}
Potions
 d - a potion of might
 g - 3 potions of haste {unknown}
 i - a potion of flight {unknown}
 l - a potion of lignification {unknown}
 o - a potion of resistance {unknown}
 q - 3 potions of curing
 z - a potion of mutation {unknown}
Comestibles
 e - 6 rations
 x - 9 chunks of flesh


   Skills:
 + Level 5.7 Fighting
 * Level 6.9 Axes
 + Level 5.8 Armour
 + Level 5.7 Shields
 + Level 1.0 Invocations


You had 6 spell levels left.
You didn't know any spells.
Your spell library was empty.

Dungeon Overview and Level Annotations

Branches:
Dungeon (5/15)
 Temple: D:4-7

Altars:
Elyvilon
Fedhas
Hepliaklqana
Kikubaaqudgha
Makhleb
Ru

Annotations:
D:5 Pikel


Innate Abilities, Weirdness & Mutations

You reflexively headbutt those who attack you in melee.
You have a pair of horns on your head.


Message History

You slash the slave!
The slave is heavily wounded.
You slash the slave!
Your plate armour prevents you from hitting Pikel.
The slave hits you but does no damage.
The orc priest mumbles some strange prayers to Beogh against you.
Beogh smites you!
* * * LOW HITPOINT WARNING * * *
Pikel hits you with a +0 whip of electrocution.
* * * LOW HITPOINT WARNING * * *
The slave hits you but does no damage. The slave completely misses you.
You are too injured to fight recklessly!
You are too injured to fight recklessly!
You are too injured to fight recklessly!
Unknown command.
Okay, then.
It was a potion of curing.
You feel better.
q - 3 potions of curing;
i - a red potion Pikel hits you but does no damage.
You are electrocuted!!
You die...

...o.?oo##.#..# .#
#..
......op##.#.o##.#
###
o?..<5?p'......#.#
..:.....##o##..#.#
........##.....#.#
....$...####.o.#.#
...%....# #pa5..#
........# #Kp#..#
######### #p@#)[#
#..##># #..##.#
#..##.# #..##.#
...##.#
##.##.#############
#.##..............
###############


You could see Pikel, 3 slaves, a worker ant, an orc priest, an orc wizard, a
crimson imp and an orc.

Vanquished Creatures
  A phantom (D:5)
  A scorpion (D:4)
  A centaur zombie (D:5)
  A crimson imp (D:5)
  4 hounds
  2 orc priests
  4 orc wizards
  3 worker ants
  4 gnolls (D:4)
  6 adders
  2 oozes (D:1)
  3 worms
  5 dart slugs
  6 leopard geckos
  18 orcs
  2 ball pythons
  12 bats
  6 giant cockroaches
  8 goblins
  13 hobgoblins
  2 jackals (D:1)
  8 kobolds
  7 quokkas
  6 frilled lizards
  A quokka skeleton (D:5)
  7 rats
133 creatures vanquished.

Notes
Turn   | Place    | Note
-------+----------+-------------------------------------------
     0 | D:1      | Flugslaktarn the Minotaur Fighter began the quest for the
                  | Orb.
     0 | D:1      | Reached XP level 1. HP: 19/19 MP: 0/0
   145 | D:1      | Reached XP level 2. HP: 12/27 MP: 1/1
   364 | D:1      | Reached skill level 3 in Axes
   542 | D:1      | Reached XP level 3. HP: 33/33 MP: 2/2
  1267 | D:2      | Reached XP level 4. HP: 33/40 MP: 3/3
  1457 | D:2      | Reached skill level 4 in Axes
  1578 | D:2      | Found an ancient bone altar of Kikubaaqudgha.
  1579 | D:2      | Found a sacrificial altar of Ru.
  2003 | D:3      | Reached XP level 5. HP: 43/47 MP: 4/4
  2760 | D:4      | Reached skill level 5 in Axes
  2766 | D:4      | Reached XP level 6. HP: 45/55 MP: 5/5
  2864 | D:4      | Reached skill level 5 in Fighting
  2864 | D:4      | Reached skill level 5 in Armour
  2864 | D:4      | Reached skill level 5 in Shields
  3093 | D:4      | Reached skill level 6 in Axes
  3161 | D:4      | Reached XP level 7. HP: 61/61 MP: 6/6
  3183 | D:4      | Found a white marble altar of Elyvilon.
  3394 | D:4      | Found a hazy altar of Hepliaklqana.
  3403 | D:4      | Found a burning altar of Makhleb.
  3404 | D:4      | Found a blossoming altar of Fedhas.
  3555 | D:4      | Became a worshipper of Makhleb the Destroyer
  3600 | D:5      | Entered Level 5 of the Dungeon
  4140 | D:5      | Noticed Pikel
  4154 | D:5      | Reached skill level 1 in Invocations
  4161 | D:5      | Slain by Pikel

Levels and vault maps discovered:
D:1:      lemuel_arrival_broad_hall, layout_basic
D:2:      layout_loops_ring, grunt_temple_overflow_open, grunt_ministairs_12,
          minmay_pentomino_pile
D:3:      layout_loops_ring
D:4:      layout_rooms, kennysheep_mini, minitemple, first_ration, minivault_25
D:5:      layout_basic, temple_doors_e, uniq_pikel

Skill      XL: |  1  2  3  4  5  6  7 |
---------------+----------------------+-----
Axes           | 3 4 5 6 |  6.9
Shields        | 4 5 |  5.7
Fighting       | 4 5 |  5.7
Armour         | 4 5 |  5.8
Invocations    | 1 |  1.0

Action                   |  1- 3 |  4- 6 |  7- 9 || total
-------------------------+-------+-------+-------++-------
Melee: War axe           |   105 |   137 |    74 ||   316
       Headbutt          |    11 |    26 |    17 ||    54
       Hand axe          |       |    25 |    12 ||    37
  Use: Potion            |       |       |     2 ||     2
  Eat: Chunk             |     1 |     7 |       ||     8
       Ration            |       |       |     1 ||     1
Armor: Scale mail        |    47 |    45 |       ||    92
       Plate armour      |       |    55 |    37 ||    92
Dodge: Dodged            |    30 |    45 |    16 ||    91
Block: Kite shield       |    53 |    79 |    37 ||   169

Table legend:
 A = Non-vault XP
 B = Vault XP
 C = Vault XP percentage of total XP
 D = Non-vault monster count
 E = Vault monster count
 F = Vault count percentage of total count
                 A         B        C        D         E       F
            +---------+---------+-------+---------+---------+-------
      Total |    1157 |      15 |   1.3 |     125 |       8 |   6.0
            +---------+---------+-------+---------+---------+-------
        D:1 |      61 |       0 |   0.0 |      25 |       0 |   0.0
        D:2 |      91 |      15 |  14.2 |      30 |       8 |  21.1
        D:3 |     131 |       0 |   0.0 |      24 |       0 |   0.0
        D:4 |     494 |       0 |   0.0 |      27 |       0 |   0.0
        D:5 |     380 |       0 |   0.0 |      19 |       0 |   0.0
            +---------+---------+-------+---------+---------+-------
